 Dungeon Crawl Stone Soup version 0.29-a0-319-gad05b8d819 (webtiles) character file.

Game seed: 10310270023175304400

3526 Flugkiller the Fighter (level 10, 0/88 HPs)
             Began as a Mayflytaur Chaos Knight on Apr 1, 2022.
             Was a Plaything of Xom.
             Killed by divine providence
             ... invoked by an orc priest
              (8 damage)
             ... on level 8 of the Dungeon.
             The game lasted 00:14:55 (3320 turns).

Flugkiller the Fighter (Mayflytaur Chaos Knight)    Turns: 3320, Time: 00:14:56

Health: 0/88       AC: 15    Str: 13    XL:     10   Next: 8%
Magic:  11/11      EV:  9    Int: 13    God:    Xom [....*.]
Gold:   330        SH:  0    Dex: 16    Spells: 9/9 levels left

rFire   . . .      SeeInvis +   H - +0 battleaxe
rCold   . . .      Faith    .   (shield currently unavailable)
rNeg    . . .      Spirit   .   G - +0 chain mail
rPois   .          Reflect  .   t - +1 helmet
rElec   .          Harm     .   x - +0 cloak
rCorr   .          Rampage  .   (no gloves)
Will    +++..      Clarity  +   (no boots)
Stlth   ..........              (no amulet)
HPRegen 0.24/turn               m - ring of willpower
MPRegen 0.24/turn               i - ring of see invisible

@: flying, unable to read
A: damage resistance, big wings, sense surroundings 2, magic regeneration, short
lifespan, iridescent scales 1, clarity, dopey 1, frail 1, strong-willed 1, weak
1, inability to read while threatened, MP-powered wands, sturdy frame 1
a: Renounce Religion


You were on level 8 of the Dungeon.
You worshipped Xom.
You were a beloved toy of Xom.
You visited 1 branch of the dungeon, and saw 8 of its levels.

You collected 330 gold pieces.

Inventory:

Hand Weapons
 a - a +0 hand axe of chaos
 v - a +0 war axe
   (You took it off an orc on level 4 of the Dungeon)
 H - a +0 battleaxe (weapon)
   (You took it off an orc warrior on level 8 of the Dungeon)
Missiles
 e - a throwing net
 w - 6 curare-tipped darts (quivered)
Armour
 b - a +2 leather armour
 p - a +0 scale mail
   (You took it off Edmund on level 4 of the Dungeon)
 t - a +1 helmet (worn)
   (You found it on level 3 of the Dungeon)
 x - a +0 cloak (worn)
   (You took it off Crazy Yiuf on level 5 of the Dungeon)
 G - a +0 chain mail (worn)
   (You took it off an orc warrior on level 8 of the Dungeon)
Jewellery
 i - a ring of see invisible (right hand)
   (You found it on level 6 of the Dungeon)
 m - a ring of willpower (left hand)
   (You found it on level 2 of the Dungeon)
 o - a ring of poison resistance
   (You found it on level 3 of the Dungeon)
 s - a ring of wizardry
   (You found it on level 3 of the Dungeon)
 C - a +6 ring of intelligence
   (You found it on level 6 of the Dungeon)
Wands
 q - a wand of iceblast (10)
   (You found it on level 3 of the Dungeon)
 A - a wand of digging (1)
   (You took it off Grinder on level 4 of the Dungeon)
 B - a wand of mindburst (10)
   (You found it on level 6 of the Dungeon)
Scrolls
 h - a scroll of torment
 j - a scroll of amnesia
 k - 2 scrolls of fear
 n - 2 scrolls of fog
 r - a scroll of identify
 y - a scroll of magic mapping {unknown}
 z - 3 scrolls of blinking
 E - a scroll of teleportation {unknown}
 F - a scroll of acquirement {unknown}
Potions
 d - a potion of might
 f - a potion of lignification
 g - a potion of degeneration {unknown}
 l - a potion of mutation
 u - a potion of curing {unknown}
 D - 2 potions of ambrosia {unknown}
Miscellaneous
 c - a piece from Xom's chessboard (15/15)


   Skills:
 + Level 8.7 Fighting
 + Level 8.7 Axes
 + Level 6.4 Armour
 + Level 5.8 Dodging
 - Level 6.0 Evocations


You had 9 spell levels left.
You didn't know any spells.
Your spell library contained the following spells:

 Spells                   Type           Power      Damage    Failure   Level
 Animate Skeleton         Necr           0%         N/A       97%         1
 Apportation              Tloc           0%         N/A       97%         1
 Pain                     Necr           0%         1d4       97%         1
 Summon Small Mammal      Summ           0%         N/A       97%         1
 Sublimation of Blood     Necr           0%         N/A       99%         2
 Wereblood                Tmut           0%         N/A       99%         2
 Vampiric Draining        Necr           0%         2d6       100%        3
 Summon Hydra             Summ           0%         N/A       100%        7


Dungeon Overview and Level Annotations

Branches:
Dungeon (8/15)             Temple (0/1) D:4
   Lair: D:8-11

Altars:
Nemelex Xobeh
Xom

Annotations:
D:7 Dowan, Duvessa


Innate Abilities, Weirdness & Mutations

You are resistant to damage.
Your large and strong wings let you fly.
You passively map the area around you.
You regenerate magic rapidly.
You are easily found by Zot.
You are partially covered in iridescent scales. (AC +2)
You possess an exceptional clarity of mind.
You are dopey. (Int -2)
You are frail. (-10% HP)
You are strong-willed. (Will+)
You are weak. (Str -2)
You sometimes lose the ability to read scrolls when taking damage.
You expend magic power (3 MP) to strengthen your wands.
Your movements are slightly less encumbered by armour. (ER -2)


Message History

It was a potion of mutation.
You feel extremely strange.
Your magical essence no longer links to wands of the dungeon.
You feel less resistant to poisons.
Your system completely accepts the healing effects of potions.
You feel your magical essence link to the dungeon's wands.
You feel less encumbered by your armour.
Xom is amused.
Xom thinks this is hilarious!
The black bear barely misses you. The black bear closely misses you.
The black bear misses you.
It was a potion of lignification.
You turn into a tree.
Your +0 cloak melds into your body.
Your +1 helmet melds into your body.
Your +2 leather armour melds into your body.
Your roots penetrate the ground.
The black bear bites you but does no damage.
The black bear claws you but does no damage. x2
You hit the black bear.
The black bear is lightly wounded.
The black bear bites you but does no damage.
The black bear claws you but does no damage. x2
You slash the black bear!
The black bear is heavily wounded.
The black bear bites you.
The black bear claws you but does no damage. x2
You slash the black bear!
The black bear is almost dead.
The black bear goes berserk!
You completely miss the black bear.
The black bear is almost dead.
The black bear bites you but does no damage.
The black bear claws you but does no damage. x2
The black bear bites you but does no damage.
The black bear claws you but does no damage. x2
You barely miss the black bear.
The black bear is almost dead.
The black bear bites you but does no damage.
The black bear claws you but does no damage. x2
The black bear bites you.
The black bear claws you but does no damage. x2
You barely miss the black bear.
The black bear is almost dead.
The black bear completely misses you.
The black bear claws you but does no damage. x2
You barely miss the black bear.
The black bear is almost dead.
The black bear bites you but does no damage.
The black bear claws you but does no damage. x2
The black bear barely misses you. The black bear claws you. x2
* * * LOW HITPOINT WARNING * * *
You hit the black bear but do no damage.
The black bear is almost dead.
The black bear bites you but does no damage.
The black bear claws you but does no damage.
The black bear barely misses you.
You barely miss the black bear.
The black bear is almost dead.
You can read scrolls again.
The black bear bites you but does no damage.
The black bear claws you but does no damage. x2
The black bear bites you!
* * * LOW HITPOINT WARNING * * *
The black bear claws you but does no damage. x2
You barely miss the black bear.
The black bear is almost dead.
The black bear bites you but does no damage.
The black bear barely misses you.
The black bear claws you but does no damage.
The black bear bites you but does no damage.
The black bear claws you but does no damage.
The black bear claws you.
* * * LOW HITPOINT WARNING * * *
You slash the black bear!
You kill the black bear!
You closely miss the orc.
Your transformation is almost over.
The orc hits you but does no damage.
You hit the orc but do no damage. The orc barely misses you.
You slash the orc!
You kill the orc!
You start resting.
You feel less wooden.
Your +0 cloak unmelds from your body.
Your +1 helmet unmelds from your body.
Your +2 leather armour unmelds from your body.
r - a scroll of identify;
F - a scroll labelled LEZUHA GYCOMOE
Items here: )) [ †.
G - a +0 chain mail You start removing your armour.
You continue taking off your +2 leather armour. x4
You finish taking off your +2 leather armour.
You start putting on your armour.
You continue putting on your +0 chain mail. x5
You finish putting on your +0 chain mail.
H - a +0 battleaxe
H - a +0 battleaxe (weapon)
An orc priest comes into view. It is wielding a +0 whip.
The orc priest shouts!
The orc priest miscasts a cantrip.
The orc priest calls down the wrath of Beogh upon you.
Beogh smites you!
You feel threatened and lose the ability to read scrolls!
You die...

...<......#......# *
#..........#......,
#...............#*
####...............# *
*...................# *
.................(.# , ,
...................####*
..............<.......##.
*........@.o.........#....
######.#.#...........###
##.#.#>...........##
#..#.#............).
##)##.#............).
#.................#))
#####.#........#.....
#.#........##....
#.#............#.


You could see an orc priest.

Vanquished Creatures
  Grinder (D:4)
  A raiju (shapeshifter) (D:7)
  A steam dragon (D:7)
  Edmund (D:4)
  An acid dragon (D:6)
  An orc warrior (D:8)
  4 sky beasts
  A black bear (D:8)
  An ogre (D:4)
  2 centaurs (D:8)
  A phantom (D:7)
  2 lemures (D:7)
  2 bullfrogs
  A kobold brigand (D:7)
  A necrophage (D:6)
  A scorpion (D:6)
  4 wights (D:7)
  A howler monkey (D:4)
  3 gnoll shamans
  A hound (D:6)
  3 orc priests
  Crazy Yiuf (D:5)
  5 iguanas
  Ijyb (D:4)
  Natasha (thrice) (D:3)
  5 orc wizards
  13 gnolls
  7 adders
  2 white imps
  2 ufetubi
  A worm (D:4)
  A dart slug (D:5)
  26 orcs
  5 endoplasms
  5 giant cockroaches
  6 goblins
  5 hobgoblins
  3 jackals (D:2)
  9 kobolds
  3 quokkas
  5 ball pythons
  4 bats
  A frilled lizard (D:2)
  2 rats
149 creatures vanquished.

Vanquished Creatures (collateral kills)
  A cyclops (D:8)
  An ogre (D:6)
  2 lemures (D:7)
  2 gnolls (D:3)
6 creatures vanquished.

Vanquished Creatures (others)
  Robin (D:3)
  4 gnolls (D:3)
  An orc (D:5)
  A goblin (D:3)
  5 hobgoblins (D:3)
  16 plants (D:3)
28 creatures vanquished.

Grand Total: 183 creatures vanquished

Notes
Turn   | Place    | Note
-------+----------+-------------------------------------------
     0 | D:1      | Flugkiller the Mayflytaur Chaos Knight began the quest for
                  | the Orb.
     0 | D:1      | Reached XP level 1. HP: 21/21 MP: 2/2
   120 | D:3      | XOM: potion effect (haste)
   129 | D:2      | Reached XP level 2. HP: 26/28 MP: 3/3
   141 | D:2      | XOM: polymorph hobgoblin -> quokka
   242 | D:2      | Reached XP level 3. HP: 36/36 MP: 4/4
   372 | D:3      | XOM: summons 3 friendly demons
   374 | D:3      | Reached XP level 4. HP: 39/44 MP: 5/5
   526 | D:1      | Reached XP level 5. HP: 35/51 MP: 6/6
   653 | D:3      | Noticed Natasha
   665 | D:3      | Killed Natasha
   674 | D:3      | Noticed Robin
   676 | D:3      | Killed Robin
   676 | D:3      | XOM: destruction
   704 | D:3      | XOM: 8-stop teleportation journey
   736 | D:3      | Noticed Natasha
   742 | D:3      | XOM: summons friendly crimson imp
   756 | D:3      | Killed Natasha
   762 | D:3      | XOM: give mutations
   762 | D:3      | Gained mutation: Your spells are a little easier to cast,
                  | but a little less powerful. [Xom's mischief]
   762 | D:3      | Gained mutation: Your magical capacity is low. (-10% MP)
                  | [Xom's mischief]
   762 | D:3      | Lost mutation: Your magical capacity is low. (-10% MP)
                  | [Xom's mischief]
   762 | D:3      | Gained mutation: You are weak. (Str -2) [Xom's mischief]
   805 | D:3      | Glimpsed the power of Zot.
   830 | D:4      | Noticed Edmund
   833 | D:4      | Noticed Ijyb
   839 | D:3      | Gained mutation: You regenerate magic rapidly. [Mayflytaur
                  | growth]
   839 | D:3      | Reached XP level 6. HP: 54/60 MP: 7/7
   850 | D:3      | Noticed Natasha
   852 | D:4      | Noticed Grinder
   860 | D:3      | Killed Natasha
   861 | D:3      | Reached skill level 5 in Fighting
   861 | D:3      | Reached skill level 5 in Axes
   918 | D:4      | XOM: summons 4 friendly demons
   933 | D:4      | XOM: give mutations
   933 | D:4      | Gained mutation: You are dopey. (Int -2) [Xom's mischief]
   933 | D:4      | Lost mutation: Your spells are a little easier to cast, but
                  | a little less powerful. [Xom's mischief]
  1192 | D:4      | Killed Ijyb
  1243 | D:4      | Found a staircase to the Ecumenical Temple.
  1243 | D:4      | XOM: 3-stop teleportation journey
  1284 | D:4      | Reached skill level 5 in Armour
  1284 | D:4      | Reached XP level 7. HP: 37/68 MP: 8/8
  1294 | D:4      | XOM: cleaving
  1296 | D:4      | XOM: enchant monster (good)
  1297 | D:4      | Killed Grinder
  1305 | D:4      | Killed Edmund
  1364 | D:4      | Reached XP level 8. HP: 40/78 MP: 9/9
  1393 | D:4      | Glimpsed the power of Zot.
  1396 | D:5      | Entered Level 5 of the Dungeon
  1443 | D:5      | XOM: fog
  1500 | D:5      | XOM: silly message
  1518 | D:5      | Found a runed translucent door.
  1519 | D:5      | Noticed Crazy Yiuf
  1525 | D:5      | Killed Crazy Yiuf
  1725 | D:4      | XOM: fake destruction
  1731 | D:4      | XOM: cleaving
  1733 | D:4      | XOM: give mutations
  1733 | D:4      | Gained mutation: Potions are less effective at restoring
                  | your health. [Xom's mischief]
  1733 | D:4      | Gained mutation: You are frail. (-10% HP) [Xom's mischief]
  1733 | D:4      | Gained mutation: You sometimes lose the ability to read
                  | scrolls when taking damage. [Xom's mischief]
  1733 | D:4      | Gained mutation: Your system is resistant to poisons.
                  | (rPois) [Xom's mischief]
  1751 | D:4      | Found a sparkling altar of Nemelex Xobeh.
  1828 | D:5      | XOM: smoke on damage
  1999 | D:6      | XOM: god gift: ring mail {god gift}
  2051 | D:6      | XOM: god gift: scroll of fear
  2119 | D:6      | XOM: scenery: create altars
  2120 | D:6      | XOM: summons 5 friendly demons
  2126 | D:6      | XOM: confuse monster(s)
  2308 | D:7      | XOM: noise
  2327 | D:7      | Gained mutation: You passively map the area around you.
                  | [Mayflytaur growth]
  2327 | D:7      | Reached XP level 9. HP: 79/79 MP: 10/10
  2354 | D:7      | Noticed Dowan
  2355 | D:7      | Noticed Duvessa
  2362 | D:7      | XOM: destruction
  2461 | D:6      | Noticed a gargoyle
  2540 | D:7      | Reached skill level 5 in Dodging
  2659 | D:7      | Noticed Pikel
  2668 | D:7      | XOM: divination: magic mapping
  2690 | D:7      | XOM: enchant monster (good)
  2692 | D:7      | Pikel changed into Pikel the shapeshifter
  2692 | D:7      | XOM: polymorph Pikel -> Pikel the shapeshifter
  2712 | D:7      | XOM: scenery: create altars
  2713 | D:7      | XOM: summons 3 friendly demons
  2787 | D:7      | XOM: potion effect (invisibility)
  3131 | D:6      | Glimpsed the power of Zot.
  3150 | D:7      | Reached skill level 5 in Evocations
  3154 | D:7      | XOM: give mutations
  3154 | D:7      | Gained mutation: You are strong-willed. (Will+) [Xom's
                  | grace]
  3154 | D:7      | Gained mutation: You are partially covered in iridescent
                  | scales. (AC +2) [Xom's grace]
  3154 | D:7      | Gained mutation: You expend magic power (3 MP) to
                  | strengthen your wands. [Xom's grace]
  3154 | D:7      | Gained mutation: You possess an exceptional clarity of
                  | mind. [Xom's grace]
  3203 | D:8      | Noticed a cyclops
  3209 | D:8      | XOM: summons 5 friendly demons
  3216 | D:8      | Killed a cyclops
  3250 | D:8      | XOM: scenery: create altars
  3260 | D:8      | Reached XP level 10. HP: 32/88 MP: 7/11
  3267 | D:8      | HP: 4/88 [centaur (3)]
  3279 | D:8      | Lost mutation: You expend magic power (3 MP) to strengthen
                  | your wands. [potion of mutation]
  3279 | D:8      | Lost mutation: Your system is resistant to poisons. (rPois)
                  | [potion of mutation]
  3279 | D:8      | Lost mutation: Potions are less effective at restoring your
                  | health. [potion of mutation]
  3279 | D:8      | Gained mutation: You expend magic power (3 MP) to
                  | strengthen your wands. [potion of mutation]
  3279 | D:8      | Gained mutation: Your movements are slightly less
                  | encumbered by armour. (ER -2) [potion of mutation]
  3289 | D:8      | HP: 4/132 [black bear (7)]
  3320 | D:8      | Killed from afar by an orc priest

Illustrated notes

Levels and vault maps discovered:
D:1:      nzn_arrival_water_spiral, layout_rooms, ebering_ecumenical_altar_mist,
          kennysheep_boxes
D:2:      layout_basic, serial_rivers, chequers_serial_rivers_small_a,
          chequers_serial_rivers_large_a, chequers_serial_rivers_small_3,
          chequers_serial_rivers_small_3, grunt_ministairs_9
D:3:      layout_rooms, serial_bayou_lake_a, uniq_robin, uniq_natasha
D:4:      layout_basic, nemelex_diamond_rough_becter,
          minmay_temple_entry_nine_rooms, uniq_edmund, uniq_ijyb, uniq_grinder
D:5:      layout_basic, uniq_crazy_yiuf_cottage
D:6:      layout_loops_ring, kennysheep_decorative_pillar,
          lightli_corner_chamber
D:7:      layout_loops_ring, grunt_decor_arrowhead, uniq_duvessa, uniq_pikel
D:8:      layout_rooms, feat_on_display

Skill      XL: |  1  2  3  4  5  6  7  8  9 |
---------------+----------------------------+-----
Armour         | 3 4 5 6 |  6.4
Fighting       | 4 5 6 7 8 |  8.7
Axes           | 4 5 6 7 8 |  8.7
Dodging        | 4 5 |  5.8
Evocations     | 6 |  6.0

Action                   |  1- 3 |  4- 6 |  7- 9 | 10-12 || total
-------------------------+-------+-------+-------+-------++-------
Melee: Hand axe          |    56 |   166 |       |       ||   222
       Punch             |     2 |       |     7 |     1 ||    10
       War axe           |       |     3 |   429 |    23 ||   455
Throw: Dart              |       |       |     1 |       ||     1
Evoke: Piece from Xom's  |       |     2 |       |       ||     2
       Wand              |       |       |     6 |       ||     6
  Use: Scroll            |       |     5 |     1 |       ||     6
       Potion            |       |     1 |     3 |     2 ||     6
 Stab: Distracted        |       |     1 |       |       ||     1
       Paralysed         |       |     1 |       |       ||     1
       Invisible         |       |       |    15 |       ||    15
       Sleeping          |       |       |     1 |       ||     1
Armor: Leather armour    |    19 |    46 |   148 |     8 ||   221
       Scale mail        |       |       |    26 |       ||    26
       Skin              |       |       |       |    36 ||    36
Dodge: Dodged            |    28 |   109 |   298 |    18 ||   453

Table legend: (Time is in decaauts)
 A = Elapsed time spent in this place.
 B = Non-inter-level travel time spent in this place.
 C = Inter-level travel time spent in this place.
 D = Time resting spent in this place.
 E = Time spent auto-exploring this place.
 F = Levels seen in this place.
 G = Mean time per level.
                   A        B        C        D        E       F      G
               +--------+--------+--------+--------+--------+-----+--------+
         Total |   3392 |   3187 |    205 |    163 |      0 |   8 |  424.0 |
       Dungeon |   3392 |   3187 |    205 |    163 |      0 |   8 |  424.0 |
               +--------+--------+--------+--------+--------+-----+--------+

Top non-repeatable levels by time:
     D:6: 711 daAuts
     D:4: 700 daAuts
     D:7: 509 daAuts
     D:5: 459 daAuts
     D:2: 398 daAuts
     D:3: 317 daAuts
     D:1: 153 daAuts
     D:8: 142 daAuts
